 Dungeon Crawl Stone Soup version 0.18.1-50-g88ac8fd (webtiles) character file.

48 Nordron the Changer (level 3, -1/23 HPs)
             Began as an Octopode Transmuter on Sept 24, 2016.
             Succumbed to Ijyb's poison
             ... on level 2 of the Dungeon.
             The game lasted 00:03:24 (996 turns).

Nordron the Changer (Octopode Transmuter)            Turns: 996, Time: 00:03:25

Health: -1/23      AC:  1    Str:  9    XL:     3   Next: 72%
Magic:  6/6        EV: 18    Int: 20    God:
Gold:   22         SH:  0    Dex: 18    Spells: 1 memorised, 5 levels left

rFire  . . .     SeeInvis .     i - +1 mace (drain)
rCold  . . .     Gourm    .     (no shield)
rNeg   . . .     Faith    .     (helmet restricted)
rPois  .         Spirit   .     d - amulet of magic regeneration
rElec  .         Dismiss  .     h - ring of flight
rCorr  .         Reflect  .     (no ring)
SustAt .         Harm     .     (no ring)
MR     .....                    (no ring)
Stlth  ++++......               (no ring)
                                (no ring)
                                (no ring)
                                (no ring)

@: brilliant, agile, lethally poisoned (-1 -> -20), appendage, very slightly
contaminated, invisible, not resistant to hostile enchantments, stealthy
A: almost no armour, amphibious, 8 rings, constrict 8, tentacle spike 3,
camouflage 1, gelatinous body 1
a: End Transformation, Evoke Flight


You were on level 2 of the Dungeon.
You were not hungry.
One of your tentacles had a temporary spike.
You visited 1 branch of the dungeon, and saw 2 of its levels.

You collected 22 gold pieces.

Inventory:

Hand Weapons
 i - a +1 mace of draining (weapon)
Missiles
 a - 12 arrows
Jewellery
 d - an amulet of magic regeneration (around mantle)
 h - a ring of flight (left tentacle)
Scrolls
 e - 2 scrolls of teleportation
 j - a scroll of fear {unknown}
 l - a scroll of amnesia {unknown}
Books
 b - a book of Changes

   Spells                             Type                      Level
   a - Beastly Appendage              Transmutation                1
   b - Sticks to Snakes               Transmutation                2
   c - Spider Form                    Transmutation/Poison         3
   d - Ice Form                       Ice/Transmutation            4
   e - Blade Hands                    Transmutation                5
Comestibles
 c - 3 bread rations


   Skills:
 - Level 1.0 Fighting
 - Level 2.0 Dodging
 - Level 3.0 Unarmed Combat
 - Level 2.0 Spellcasting
 * Level 3.9 Transmutations


You had 5 spell levels left.
You knew the following spells:

 Your Spells              Type           Power        Failure   Level  Hunger
a - Beastly Appendage     Trmt           ####..       1%          1    #......


Dungeon Overview and Level Annotations

Branches:
Dungeon (2/15)

Altars:
Qazlal


Innate Abilities, Weirdness & Mutations

You cannot wear most types of armour.
You are amphibious.
You can wear up to eight rings at the same time.
You can use your tentacles to constrict eight enemies at once.
Your skin changes colour to match your surroundings (Stealth).
Your rubbery body absorbs attacks (AC +1).
One of your tentacles bears a large vicious spike.


Message History

You feel agile.
* * * LOW HITPOINT WARNING * * *
You feel very sick.
Drink which item? (? for menu, Esc to quit)
It was a potion of agility.
You feel agile all of a sudden.
* * * LOW HITPOINT WARNING * * *
You feel sick.
Drink which item? (? for menu, Esc to quit)
It was a potion of invisibility.
You fade into invisibility!
* * * LOW HITPOINT WARNING * * *
You feel sick.
You are very lightly contaminated with residual magic.
Drink which item? (? for menu, Esc to quit)
It was a potion of brilliance.
You feel clever all of a sudden.
* * * LOW HITPOINT WARNING * * *
You feel sick.
You die...

#..... .# #.#.#. .#
#.#.#. .# #.#.#. . #.#
#.#.#. ..######.# #.#.#.
#.......# #.#.#.
#.......# #.#.##
#...).@.##########.#.##
##.......#..........#.##
.........#.##########.#
.................. #.#
.........#.####### #.##
.........#.# #...
##########.# #... #.#
#... #.# #..ยง


There were no monsters in sight!

Vanquished Creatures
  Ijyb (D:2)
  A dart slug (D:2)
  A giant gecko (D:2)
  A bat (D:1)
  A giant cockroach (D:2)
  4 goblins
  5 hobgoblins
  2 kobolds
  A rat (D:1)
17 creatures vanquished.

Notes
Turn   | Place    | Note
--------------------------------------------------------------
     0 | D:1      | Nordron the Octopode Transmuter began the quest for the Orb.
     0 | D:1      | Reached XP level 1. HP: 13/13 MP: 3/3
   330 | D:1      | Reached XP level 2. HP: 18/18 MP: 5/5
   936 | D:2      | Found a stormy altar of Qazlal.
   983 | D:2      | Noticed Ijyb
   992 | D:2      | Killed Ijyb
   992 | D:2      | Reached XP level 3. HP: 8/23 MP: 6/6
   995 | D:2      | HP: 1/23 [poisoned by Ijyb]
   996 | D:2      | Succumbed to Ijyb's poison

Skill      XL: |  1  2 |
---------------+-------+-----
Transmutations | 3 |  3.9
Fighting       | |  1.0
Dodging        | |  2.0
Unarmed Combat | |  3.0
Spellcasting   | |  2.0

Action                   || total
-------------------------++-------
Melee: Mace              ||    24
       Tentacles         ||     9
       Kick              ||     4
       Constrict         ||     6
 Cast: Beastly Appendage ||     9
  Use: Scroll            ||     3
       Potion            ||     3
 Stab: Sleeping          ||     1
Armor: Skin              ||     1
Dodge: Dodged            ||    15
